 Dungeon Crawl Stone Soup version bcrawl-1.34.4 (webtiles) character file.

Game seed: 2457386168595258996

310334 KristoblXynda the Cleaver (level 9, -6/72 HPs)
             Began as a Demonspawn Gladiator on Oct 27, 2021.
             Was a High Priest of Okawaru.
             Mangled by an orc warrior
             ... wielding a +0 glaive
              (24 damage)
             ... in a bailey.
             The game lasted 00:11:21 (6924 turns).

KristoblXynda the Cleaver (Demonspawn Gladiator)    Turns: 6924, Time: 00:11:21

Health: -6/72      AC: 22    Str: 19    XL:     9   Next: 94%
Magic:  0/9        EV: 10    Int:  9    God:    Okawaru [*****.]
Gold:   499        SH:  0    Dex: 14    Spells: 8/8 levels left

rFire    . . .     SeeInvis .   a - +1 war axe (chop)
rCold    . . .     Gourm    .   (no shield)
rNeg     . . .     Faith    .   G - +0 chain mail
rPois    +         Spirit   +   y - +2 hat
rElec    .         Reflect  .   g - +2 cloak {rPois}
rCorr    .         Harm     .   m - +0 pair of gloves
MR       .....                  l - +0 pair of boots
Stlth    ..........             (no amulet)
HPRegen  0.22/turn              w - +5 ring of protection
MPRegen  0.22/turn              x - +6 ring of slaying

@: no status effects
A: claws 1, talons 1, spiny 1, magic shield, magic regeneration, magic link
a: Heroism, Finesse, Renounce Religion


You were in a bailey.
You worshipped Okawaru.
Okawaru was extremely pleased with you.
You were not hungry.

You visited 2 branches of the dungeon, and saw 8 of its levels.
You also visited: Sewer, Ossuary and Bailey.

You collected 499 gold pieces.

Inventory:

Hand Weapons
 a - a +1 war axe of chopping (weapon)
 j - the +4 mace "Poikoa" {flame, rC+ MP+9}
   (You found it on level 4 of the Dungeon)

   It has been specially enchanted to surge with flame as it hits, increasing
   damage dealt by approximately one third against foes not resistant or
   susceptible to fire.
   It protects you from cold.
   It affects your magic capacity (+9).
Missiles
 d - 3 throwing nets {=f}
Armour
 g - a +2 cloak of poison resistance (worn)
 l - a +0 pair of boots (worn)
 m - a +0 pair of gloves (worn)
 y - a +2 hat (worn)
 G - a +0 chain mail (worn)
Jewellery
 w - a +5 ring of protection (left hand)
 x - a +6 ring of slaying (right hand)
 F - an uncursed ring of protection from cold
Scrolls
 o - 5 scrolls of fear
 r - 4 scrolls of teleportation
 s - 2 scrolls of magic mapping
 u - 3 scrolls of enchant weapon
 v - 2 scrolls of fog
 A - a scroll of remove curse
Potions
 b - a potion of flight
 c - a potion of brilliance {unknown}
 h - 5 potions of lignification
 k - 5 potions of might
 n - a potion of curing
 p - 3 potions of mutation
 q - a potion of resistance {unknown}
 t - a potion of magic {unknown}
 z - a potion of agility {unknown}
 B - a potion of haste
 C - a potion of degeneration {unknown}
 D - a potion of berserk rage {unknown}
 E - 2 potions of heal wounds
Comestibles
 e - 4 rations {!d}
 i - a chunk of flesh


   Skills:
 + Level 7.2 Fighting
 + Level 8.5 Axes
 - Level 2.0 Throwing
 + Level 5.7 Armour
 + Level 6.5 Dodging


You had 8 spell levels left.
You didn't know any spells.
Your spell library contained the following spells:

 Spells                   Type           Power        Failure   Level  Hunger
 Confuse                  Hex            #.......     100%        3    #####..
 Dazzling Orbs            Conj/Hex       #......      100%        3    #####..
 Petrify                  Tmut/Erth      #.........   100%        4    ######.
 Yara's Violent Unravell  Hex/Tmut       #.........   100%        4    ######.
 Metabolic Englaciation   Hex/Ice        #.........   100%        5    #######
 Mana Rupture             Conj/Hex       #.........   100%        7    #######


Dungeon Overview and Level Annotations

Branches:
Dungeon (7/12)             Temple (1/1) D:4
   Lair: D:7-9

Altars:
Ashenzari
Cheibriados
Dithmenos
Fedhas
Kikubaaqudgha
Lugonu
Makhleb
Nemelex Xobeh
Okawaru
Qazlal
Ru
Sif Muna
Trog
Vehumet
Xom
Yredelemnul
Zin

Shops:
D:4 %

Portals:
Abyss: D:3


Innate Abilities, Weirdness & Mutations

You have sharp fingernails.
You have sharp toenails.
You are partially covered in sharp spines.
When hurt, damage is shared between your health and your magic reserves.
You regenerate magic rapidly.
When low on magic, you restore magic in place of health.


Message History

You now have 475 gold pieces (gained 14).
You now have 499 gold pieces (gained 24).
There is a large open door here.
There is a large open door here.
Things that are here:
a +0 scale mail; a +0 bardiche; an orc skeleton As you open the door, it creaks loudly!
The orc knight shouts!
There is an open door here.
The orc knight roars a battlecry!
The orc knight goes into a battle-frenzy!
The orc knight roars a battlecry!
The orc knight goes into a battle-frenzy!
The orc knight hits you from afar with a +0 halberd!
The orc warrior hits you from afar with a +0 glaive!!
The orc knight hits you but does no damage.
The orc warrior hits you but does no damage.
The orc knight hits you from afar with a +0 trident!!
* * * LOW HITPOINT WARNING * * *
The orc warrior hits you from afar with a +0 glaive!!
You die...

#.≈.#########'###+#############.≈
#.≈.##.....##...§.§... ##.≈
#.≈..##...##..≈§≈§§≈≈.. ##..≈
#.≈≈..##.##..§≈§.§§.§≈. ##.)≈≈
#∩.≈≈..#'#..≈≈.§⌠∩⌠..§ #..≈≈.
##.≈≈).#'#..≈≈oo.⌠..§ #.)≈≈.
#.≈≈..##[##..§§oo§§§§ ##..≈≈
#.≈..##...'#.§≈§§§§§§. ##..≈
#.≈.##.....##§§§@§§§.. #.$$$.##.≈
#.≈.#############+#### ########.≈
#.≈....).....## #####))≈
#.≈≈≈≈≈≈≈≈≈≈..## #######≈≈≈≈≈≈≈
#..........≈≈..## ##...##........
##########..≈≈..###..≈..##.######
##..≈≈.....≈≈...##...###
##..≈≈≈≈≈≈≈..#######..∩
##.........## ####


You could see 2 orc knights and an orc warrior.

Vanquished Creatures
  Pikel (D:4)
  A hippogriff (D:7)
  Duvessa (D:4)
  An orc warrior (Bailey)
  A hornet zombie (Ossuary)
  2 black bears (D:6)
  5 ogres
  2 bullfrogs (D:6)
  3 big kobolds
  Blork the orc (D:4)
  Dowan (D:4)
  A scorpion (D:4)
  2 howler monkeys
  2 orc priests
  3 crimson imps
  4 centaur zombies
  3 bullfrog zombies (Ossuary)
  4 hounds
  Crazy Yiuf (D:4)
  2 bullfrog skeletons (D:6)
  Ijyb (D:4)
  3 iguanas
  5 worker ants
  3 orc wizards
  A killer bee zombie (Ossuary)
  4 hound zombies (Ossuary)
  12 mummies (Ossuary)
  3 howler monkey zombies
  3 gnolls (D:4)
  5 river rats
  5 worker ant zombies
  12 adders
  2 howler monkey skeletons
  A shadow imp (D:6)
  3 oozes
  4 adder zombies
  An adder skeleton (D:4)
  3 worms
  6 leopard geckos
  24 orcs
  2 ball pythons (Sewer)
  6 bats (D:1)
  4 giant cockroaches
  11 goblins
  12 hobgoblins
  3 jackals (D:3)
  6 quokkas
  5 frilled lizards
  13 kobolds
  2 quokka zombies (Ossuary)
  12 rats
218 creatures vanquished.

Vanquished Creatures (others)
  A hound skeleton (D:4)
  A lurking horror (D:3)
2 creatures vanquished.

Grand Total: 220 creatures vanquished

Notes
Turn   | Place    | Note
-------+----------+-------------------------------------------
     0 | D:1      | KristoblXynda the Demonspawn Gladiator began the quest for
                  | the Orb.
     0 | D:1      | Reached XP level 1. HP: 18/18 MP: 1/1
   213 | D:1      | Gained mutation: When hurt, damage is shared between your
                  | health and your magic reserves. [demonic ancestry]
   213 | D:1      | Reached XP level 2. HP: 23/24 MP: 2/2
   277 | D:1      | Found a shattered altar of Ashenzari.
   630 | D:1      | Reached skill level 3 in Axes
   783 | D:2      | Reached XP level 3. HP: 24/29 MP: 3/3
   821 | D:2      | Found a snail-covered altar of Cheibriados.
  1302 | D:2      | Reached skill level 1 in Armour
  1599 | D:3      | Gained mutation: You have sharp toenails. [demonic
                  | ancestry]
  1599 | D:3      | Reached XP level 4. HP: 32/35 MP: 2/4
  2192 | D:3      | Found an iron altar of Okawaru.
  2296 | D:3      | Became a worshipper of Warmaster Okawaru
  2421 | D:3      | Found a corrupted altar of Lugonu.
  2424 | D:3      | Found a one-way gate to the infinite horrors of the Abyss.
  2736 | D:4      | Found a staircase to the Ecumenical Temple.
  2769 | D:4      | Noticed Blork the orc
  2781 | D:4      | Killed Blork the orc
  2782 | D:4      | Gained mutation: You regenerate magic rapidly. [demonic
                  | ancestry]
  2782 | D:4      | Reached XP level 5. HP: 32/42 MP: 3/5
  2801 | D:4      | Noticed Duvessa
  2802 | D:4      | Noticed Dowan
  2804 | Temple   | Entered the Ecumenical Temple
  3085 | D:4      | Killed Duvessa
  3086 | D:4      | Gained mutation: You are partially covered in sharp spines.
                  | [demonic ancestry]
  3086 | D:4      | Reached XP level 6. HP: 37/48 MP: 3/6
  3088 | D:4      | Reached skill level 4 in Axes
  3094 | D:4      | Killed Dowan
  3094 | D:4      | Reached * piety under Okawaru
  3223 | D:4      | Found Epteanga's Food Boutique.
  3440 | D:4      | Found a runed door.
  3483 | D:4      | Gained mutation: When low on magic, you restore magic in
                  | place of health. [demonic ancestry]
  3483 | D:4      | Reached XP level 7. HP: 51/55 MP: 7/7
  3485 | D:4      | Noticed Ijyb
  3523 | D:4      | Noticed Pikel
  3537 | D:4      | Killed Ijyb
  3545 | D:4      | Killed Pikel
  3545 | D:4      | Reached ** piety under Okawaru
  3546 | D:4      | Reached skill level 5 in Fighting
  3546 | D:4      | Reached skill level 5 in Axes
  3546 | D:4      | Gained mutation: You have sharp fingernails. [demonic
                  | ancestry]
  3546 | D:4      | Reached XP level 8. HP: 22/62 MP: 2/8
  3685 | D:4      | Found a burning altar of Makhleb.
  4054 | D:4      | Noticed Crazy Yiuf
  4058 | D:4      | Killed Crazy Yiuf
  4065 | D:4      | Got a sapphire mace
  4088 | D:4      | Identified the +4 mace "Poikoa" {flame, rC+ MP+9} (You
                  | found it on level 4 of the Dungeon)
  4119 | D:5      | Entered Level 5 of the Dungeon
  4175 | D:5      | Reached skill level 5 in Dodging
  4180 | D:5      | Reached *** piety under Okawaru
  4217 | D:5      | Reached skill level 6 in Axes
  4248 | D:5      | Found a glowing drain.
  4266 | Sewer    | Entered a sewer
  4887 | D:5      | Found a shimmering altar of Xom.
  4888 | D:5      | Found a sparkling altar of Nemelex Xobeh.
  4967 | D:5      | Found a basalt altar of Yredelemnul.
  5416 | D:6      | Found a shadowy altar of Dithmenos.
  5467 | D:6      | Reached skill level 7 in Axes
  5467 | D:6      | Reached XP level 9. HP: 65/69 MP: 9/9
  5627 | D:6      | Reached **** piety under Okawaru
  5959 | D:6      | Found a corrupted altar of Lugonu.
  6154 | D:6      | Reached skill level 5 in Armour
  6364 | D:7      | Found a sand-covered staircase.
  6376 | Ossuary  | Entered an ossuary
  6398 | Ossuary  | Reached skill level 8 in Axes
  6597 | D:7      | Reached ***** piety under Okawaru
  6602 | D:7      | Found a flagged portal.
  6612 | Bailey   | Entered a bailey
  6826 | Bailey   | Noticed an orc knight
  6826 | Bailey   | Noticed an orc knight
  6827 | Bailey   | Noticed an orc knight
  6924 | Bailey   | Mangled by an orc warrior

Skill      XL: |  1  2  3  4  5  6  7  8  9 |
---------------+----------------------------+-----
Throwing       | 2 |  2.0
Dodging        | 3 4 5 6 |  6.5
Axes           | 3 4 5 7 8 |  8.5
Armour         | 1 2 3 4 5 |  5.7
Fighting       | 4 5 6 7 |  7.2

Action                   |  1- 3 |  4- 6 |  7- 9 || total
-------------------------+-------+-------+-------++-------
Melee: War axe           |    99 |    91 |   303 ||   493
       Kick              |       |    26 |    40 ||    66
       Unarmed           |       |       |     6 ||     6
  Use: Scroll            |     1 |     1 |    13 ||    15
       Potion            |       |     1 |     7 ||     8
 Stab: Sleeping          |     1 |       |       ||     1
  Eat: Chunk             |     6 |     9 |    17 ||    32
       Ration            |       |       |     1 ||     1
Armor: Leather armour    |    31 |    19 |       ||    50
       Scale mail        |       |     7 |   141 ||   148
       Skin              |       |       |    11 ||    11
       Chain mail        |       |       |     2 ||     2
Dodge: Dodged            |    76 |    59 |   182 ||   317
